 Dungeon Crawl Stone Soup version 0.21.1-1-g345015f (webtiles) character file.

2394 vatarom the Summoner (level 9, -2/79 HPs)
             Began as a Tengu Summoner on Mar 25, 2018.
             Was an Initiate of Sif Muna.
             Slain by a killer bee (6 damage)
             ... on level 8 of the Dungeon.
             The game lasted 00:18:34 (7857 turns).

vatarom the Summoner (Tengu Summoner)               Turns: 7857, Time: 00:18:34

Health: -2/79      AC:  5    Str: 17    XL:     9   Next: 46%
Magic:  3/20       EV: 14    Int: 16    God:    Sif Muna [......]
Gold:   401        SH:  0    Dex: 14    Spells: 7/21 levels left

rFire    . . .     SeeInvis .   A - +0 glaive
rCold    . . .     Gourm    +   (shield currently unavailable)
rNeg     . . .     Faith    .   e - +0 robe (curse)
rPois    .         Spirit   .   (helmet restricted)
rElec    .         Reflect  .   s - +1 cloak
rCorr    .         Harm     .   o - +0 pair of gloves
MR       +....                  (boots unavailable)
Stlth    ..........             a - amulet of the gourmand
HPRegen  0.23/turn              j - ring of flight
MPRegen  0.17/turn              p - ring of protection from magic

@: berserking (expiring), lethally poisoned (-2 -> -15), very quick
A: beak, talons 3, able to fly 1
a: Fly, Renounce Religion, Evoke Flight


You were on level 8 of the Dungeon.
You worshipped Sif Muna.
Sif Muna was noncommittal.
You were completely stuffed.

You visited 2 branches of the dungeon, and saw 9 of its levels.

You collected 401 gold pieces.

Inventory:

Hand Weapons
 A - a +0 glaive (weapon)
Missiles
 v - 93 arrows
Armour
 e - a cursed +0 robe (worn)
 o - a +0 pair of gloves (worn)
 s - a +1 cloak (worn)
Jewellery
 a - an amulet of the gourmand (around neck)
 j - a ring of flight (left hand)
 p - a ring of protection from magic (right hand)
 y - an uncursed amulet of rage {unknown}
Wands
 n - a wand of flame (34)
 q - a wand of polymorph (23)
Scrolls
 d - 2 scrolls of enchant weapon
 f - 5 scrolls of remove curse
 m - a scroll of teleportation
 t - a scroll of fog
 u - 2 scrolls of identify
 x - a scroll of enchant armour
Potions
 g - a potion of resistance
 h - a potion of might
 i - 3 potions of degeneration
 k - 2 potions of curing
 l - 3 potions of flight
 r - a potion of brilliance
Books
 b - a book of Callings

   Spells                             Type                      Level
   a - Summon Small Mammal            Summoning                    1
   b - Call Imp                       Summoning                    2
   c - Call Canine Familiar           Summoning                    3
   d - Summon Guardian Golem          Hexes/Summoning              3
   e - Summon Lightning Spire         Summoning/Air                4
   f - Summon Ice Beast               Ice/Summoning                4
Comestibles
 c - 13 rations
 z - 3 chunks of flesh


   Skills:
 - Level 4.9 Fighting
 + Level 0.5 Polearms
 + Level 4.7 Dodging
 - Level 2.0 Stealth
 + Level 6.8 Spellcasting
 * Level 9.7 Summonings
 - Level 3.9 Air Magic


You had 7 spell levels left.
You knew the following spells:

 Your Spells              Type           Power        Failure   Level  Hunger
a - Summon Small Mammal   Summ           ####         1%          1    None
b - Call Imp              Summ           #####...     1%          2    None
c - Call Canine Familiar  Summ           #####...     1%          3    ##.....
d - Summon Lightning Spi  Summ/Air       ####....     8%          4    ####...
e - Summon Ice Beast      Ice/Summ       ###.....     17%         4    ####...


Dungeon Overview and Level Annotations

Branches:
Dungeon (8/15)             Temple (1/1) D:7
   Lair: D:8-11

Altars:
Ashenzari
Cheibriados
Dithmenos
Elyvilon
Fedhas
Gozag
Hepliaklqana
Kikubaaqudgha
Makhleb
Nemelex Xobeh
Okawaru
Qazlal
Ru
Sif Muna
Trog
Uskayaw
Vehumet
Wu Jian
Xom
Yredelemnul
Zin
The Shining One

Annotations:
D:3 ceb's ghost, amateur DsFi


Innate Abilities, Weirdness & Mutations

You have a beak for a mouth.
You have claws for feet.
You can fly.


Message History

Okay, then.
A red film seems to cover your vision as you go berserk!
You feel yourself moving faster!
You feel mighty! The killer bee stings you.
* * * LOW HITPOINT WARNING * * *
The killer bee stings you.
* * * LOW HITPOINT WARNING * * *
You are more poisoned.
The killer bee poisons you! The killer bee stings you.
* * * LOW HITPOINT WARNING * * *
You are more poisoned.
The killer bee poisons you!
Your hound bites the killer bee.
The killer bee completely misses you. The killer bee closely misses you.
The killer bee barely misses you.
Unknown command.
You feel a strong urge to attack something.
* * * LOW HITPOINT WARNING * * *
You feel sick.
* * * LOW HITPOINT WARNING * * *
You feel sick. The killer bee completely misses you. The killer bee stings you.
You die...

# # ######## # #......
#......# # #.[....##########
#......# # #......#........#
#......# #
#......#.....y..####......###
#......#....@y...........†.<.
##............yh...........###
#.............................
#.................)......#####
#............).÷..†).........
#......##....................
#......##.....###.............
###......##.#####
####.......... #..)§.§..##.#
#..........


You could see 3 killer bees and a friendly hound.

Vanquished Creatures
  2 ice beasts (D:5)
  A centaur (D:5)
  A wight (D:6)
  A bullfrog skeleton (D:4)
  6 worker ants
  A killer bee zombie (D:5)
  A howler monkey zombie (D:5)
  3 adders
  A gnoll (D:4)
  An adder zombie (D:6)
  A dart slug (D:1)
  5 leopard geckos
  7 orcs
  5 bats
  A giant cockroach (D:3)
  3 goblins (D:3)
  A quokka (D:5)
  A ball python skeleton (D:4)
  A frilled lizard (D:4)
  3 kobolds
  A leopard gecko zombie (D:5)
47 creatures vanquished.

Vanquished Creatures (collateral kills)
  The ghost of Mgcat the Insei, a novice GnTm of Sif Muna (D:5)
  Grinder (D:6)
  3 hippogriffs (D:7)
  A spriggan (D:7)
  A water moccasin (D:8)
  2 orc warriors
  A sky beast (D:7)
  A phantom (D:6)
  5 ogres
  2 centaurs
  A bullfrog (D:8)
  4 scorpions
  3 killer bees (D:8)
  2 wights
  3 howler monkeys
  2 crimson imps
  2 hounds
  Crazy Yiuf (D:2)
  2 centaur skeletons
  3 orc priests (D:6)
  2 bullfrog skeletons
  An iguana (D:6)
  10 orc wizards
  Terence (D:2)
  A worker ant (D:7)
  9 gnolls
  3 adders
  A shadow imp (D:7)
  An ooze (D:1)
  An adder skeleton (D:4)
  2 leopard geckos
  16 orcs
  2 bats
  3 giant cockroaches
  2 goblins (D:2)
  6 hobgoblins
  4 jackals (D:2)
  5 kobolds
  5 quokkas
  3 frilled lizards
  A rat (D:3)
120 creatures vanquished.

Vanquished Creatures (others)
  The ghost of Redear the Transmogrifier, a novice VSTm (D:7)
1 creature vanquished.

Grand Total: 168 creatures vanquished

Notes
Turn   | Place    | Note
-------+----------+-------------------------------------------
     0 | D:1      | vatarom the Tengu Summoner began the quest for the Orb.
     0 | D:1      | Reached XP level 1. HP: 10/10 MP: 4/4
   151 | D:1      | Reached skill level 5 in Summonings
   160 | D:1      | Reached XP level 2. HP: 2/16 MP: 4/6
   279 | D:1      | Learned a level 2 spell: Call Imp
   318 | D:1      | Reached skill level 1 in Fighting
   887 | D:2      | Noticed Terence
   917 | D:2      | Killed Terence
   917 | D:2      | Reached XP level 3. HP: 20/20 MP: 4/7
  1118 | D:2      | Learned a level 3 spell: Call Canine Familiar
  1285 | D:2      | Reached XP level 4. HP: 22/26 MP: 5/8
  1326 | D:2      | Found a snail-covered altar of Cheibriados.
  1492 | D:2      | Found a runed door.
  1622 | D:2      | Noticed Crazy Yiuf
  1649 | D:2      | Killed Crazy Yiuf
  1941 | D:3      | Noticed ceb's ghost (amateur DsFi)
  2260 | D:3      | Found a faded altar of an unknown god.
  2666 | D:4      | Reached skill level 6 in Summonings
  2666 | D:4      | Gained mutation: You can fly. [Tengu growth]
  2666 | D:4      | Reached XP level 5. HP: 28/31 MP: 7/10
  3640 | D:4      | Learned a level 4 spell: Summon Lightning Spire
  3853 | D:4      | Reached XP level 6. HP: 21/37 MP: 7/11
  3897 | D:5      | Entered Level 5 of the Dungeon
  3948 | D:5      | Noticed an ice beast
  3978 | D:5      | Killed an ice beast
  4127 | D:5      | Reached skill level 7 in Summonings
  4160 | D:5      | Noticed an ice beast
  4201 | D:5      | Killed an ice beast
  4201 | D:5      | Reached XP level 7. HP: 33/43 MP: 9/13
  4225 | D:5      | Noticed Mgcat's ghost (novice GnTm)
  4242 | D:5      | Killed Mgcat's ghost
  4453 | D:5      | Reached skill level 1 in Air Magic
  4500 | D:5      | Reached skill level 8 in Summonings
  4870 | D:5      | Reached XP level 8. HP: 21/48 MP: 6/15
  5154 | D:6      | Noticed Grinder
  5625 | D:6      | Learned a level 4 spell: Summon Ice Beast
  5717 | D:6      | Reached skill level 5 in Spellcasting
  5974 | D:6      | Killed Grinder
  6223 | D:6      | HP: 1/48 [centaur/arrow (14)]
  6231 | D:6      | HP: 2/48 [centaur/arrow (9)]
  6576 | D:7      | Noticed a hippogriff
  6586 | D:7      | Killed a hippogriff
  6701 | D:7      | Killed Redear's ghost
  6744 | D:7      | Reached skill level 9 in Summonings
  6744 | D:7      | Reached XP level 9. HP: 53/53 MP: 10/19
  7333 | D:7      | Found a staircase to the Ecumenical Temple.
  7343 | Temple   | Entered the Ecumenical Temple
  7379 | Temple   | Became a worshipper of Sif Muna the Loreminder
  7857 | D:8      | Slain by a killer bee

Skill      XL: |  1  2  3  4  5  6  7  8  9 |
---------------+----------------------------+-----
Summonings     | 5 6 7 8 9 |  9.7
Fighting       | 1 2 3 4 |  4.9
Spellcasting   | 3 4 6 |  6.8
Air Magic      | 2 3 |  3.9
Dodging        | 3 4 |  4.7
Polearms       | |  0.5
Stealth        | |  2.0

Action                   |  1- 3 |  4- 6 |  7- 9 || total
-------------------------+-------+-------+-------++-------
Melee: Unarmed           |     6 |       |       ||     6
       Short sword       |    16 |     5 |       ||    21
       Kick              |     5 |    12 |    25 ||    42
       Peck              |     1 |     7 |     8 ||    16
       Mace              |       |    59 |    72 ||   131
       Glaive            |       |       |     1 ||     1
 Cast: Summon Small Mamm |    11 |       |       ||    11
       Call Imp          |    18 |    24 |    10 ||    52
       Call Canine Famil |     3 |    20 |    19 ||    42
       Summon Lightning  |       |       |    39 ||    39
       Summon Ice Beast  |       |       |     8 ||     8
Evoke: Wand              |       |     5 |     1 ||     6
  Use: Scroll            |     2 |    13 |     5 ||    20
       Potion            |       |     1 |     2 ||     3
 Stab: Sleeping          |       |     3 |     1 ||     4
       Distracted        |       |       |     3 ||     3
  Eat: Chunk             |     3 |    10 |    26 ||    39
       Ration            |       |     2 |       ||     2
Armor: Robe              |     9 |    23 |    28 ||    60
Dodge: Dodged            |    21 |    49 |   103 ||   173
